Unix xNetHack Version 8.0.0 - last build Jan 15 2024 03:47:00 (be4d3c81716514284228e1a23197c27ddb32b841). Game began 2024-01-27 19:10:00, ended 2024-01-27 21:38:08. UmberConductor, lawful male human Monk ------------------------ |.[........%...%.......| |.d-------------------.| ----@| ----- |.| |..|[-- --...| |.| |.....|--|....| |.| |...c.|..|....| |%| --..).|.....0-- |.| |.......|...| ------|.| |....|..|...| --|.....|%| |....---|...| |%-....[|.| |.......|..-- |-|.....|.| ----....|.-- |~%..%..%.| ---.--.| |-|.....|-- |.....| |.-%....| |>.|.0| --|.%%..| ------- ------- UmberConductor the Initiate St:18/02 Dx:15 Co:11 In:9 Wi:18 Ch:19 Lawful S:23543 Dlvl:5 $:4153 HP:0(75) Pw:43(82) AC:-1 Xp:9/4710 T:9735 Latest messages: In what direction? j The spell misses the invisible stalker. The spell hits the earth elemental! The invisible stalker lashes you! You feel hungry. In what direction? j The spell hits the invisible stalker! The spell hits the earth elemental! The pyrolisk attacks you with a fiery gaze! Your candles catch light! The invisible stalker lashes you! What do you want to use or apply? [lnwABFINOQWX or ?*] ? You snuff out your candles. What do you want to drink? [yHS or ?*] y Magical energies course through your body. What do you want to eat? [dg-iEKTUW or ?*] d My, this is a yummy honey bun! You no longer feel hungry. My, this is a yummy honey bun! My, this is a yummy honey bun! The dog picks up an orcish helm. What do you want to use or apply? [lnwABFINOQWX or ?*] Never mind. You chop the earth elemental! You chop the earth elemental! You kill the earth elemental! The dog drops an orcish helm. You see here an orcish helm. In what direction? j The spell hits the invisible stalker! You kill the invisible stalker! The pyrolisk attacks you with a fiery gaze! The pyrolisk attacks you with a fiery gaze! You swap places with your dog. What do you want to zap? [nABNOQ or ?*] Never mind. Pick an object. What do you want to zap? [nABNOQ or ?*] ? In what direction? j You see here a mummy wrapping. The pyrolisk attacks you with a fiery gaze! Your scroll of teleportation catches fire and burns! Your potion of enlightenment boils and explodes! You have a brief moment of introspection. Your movements are now unencumbered. Your candles catch light! The pyrolisk bites! The pyrolisk attacks you with a fiery gaze! You die... Do you want your possessions identified? q Inventory: Inventory: 782/800 weight (42/52 slots) Coins ('$') $ - 4153 gold pieces {42} Amulets ('"') k - an uncursed copper amulet of reflection (being worn) {24} Weapons (')') u - 6 uncursed +1 shuriken {6} C - 192 uncursed +0 darts (at the ready) {192} F - an uncursed +3 axe named Axe of Truth {60} Armor ('[') a - an uncursed +2 pair of leather gloves {10} b - an uncursed +1 robe (being worn) {12} j - an uncursed +0 wooden elven helm (being worn) {5} s - an uncursed +0 pair of high boots (being worn) {15} L - a blessed +2 pair of gauntlets of dexterity (being worn) {8} Comestibles ('%') g - 9 uncursed food rations {180} h - 5 uncursed apples {10} i - 6 uncursed oranges {12} E - an uncursed tin of smoked kobold meat {10} K - 5 uncursed tripe rations {50} T - 2 uncursed cloves of garlic {2} U - an uncursed sprig of wolfsbane {1} W - 8 uncursed eucalyptus leaves {8} Scrolls ('?') R - an uncursed scroll of teleportation {5} Potions ('!') H - an uncursed potion of hallucination {20} Rings ('=') f - a cursed ring of hunger {3} p - a cursed ring of teleportation {3} q - an uncursed ring of protection from shape changers {3} v - an uncursed ring of teleport control {3} z - an uncursed ring of slow digestion {3} D - an uncursed ring of sustain ability {3} G - an uncursed ring of poison resistance {3} J - a blessed +5 ring of adornment (on right hand) {3} P - an uncursed +1 ring of protection (on left hand) {3} Y - a cursed ring of teleportation {3} Z - an uncursed ring of protection from shape changers {3} Wands ('/') n - an uncursed wand of cancellation (0:7) {7} A - an uncursed wand of undead turning (0:6) {7} B - an uncursed wand of cancellation (0:3) {7} N - a cursed wand of light (0:15) {7} O - an uncursed wand of digging (0:1) {7} Q - an uncursed wand of teleportation (0:2) {7} Tools ('(') l - an uncursed lock pick {4} w - an uncursed magic whistle {3} I - 4 uncursed partly used tallow candles (lit) {8} X - an uncursed horn of plenty (0:10) {18} Gems/Stones ('*') c - an uncursed worthless piece of blue glass {1} m - an uncursed dilithium crystal {1} UmberConductor the Monk's attributes: Background: You were an Initiate, a level 9 male human Monk. You were lawful, on a mission for Shan Lai Ching who was opposed by Chih Sung-tzu (neutral) and Huan Ti (chaotic). You were bisexual. You were in Sokoban, on level 5. You entered the dungeon 9735 turns ago. There was a full moon in effect when your adventure ended. You had 4710 experience points, 410 more were needed to attain level 10. Your score was 23543 before end-of-game adjustments. Basics: You had 0 out of 75 hit points. You had 43 out of 82 energy points (spell power). Your armor class was -1. Your wallet contained 4153 zorkmids. Autopickup was on for '$"?+!=/' plus thrown, with exceptions. Final Characteristics: Your strength was 18/02 (limit:18/100). Your dexterity was 15 (base:13, limit:18). Your constitution was 11 (limit:18). Your intelligence was 9 (limit:18). Your wisdom was 18 (limit:18). Your charisma was 19 (base:14, innate limit:18). Final Status: You were not hungry. You were unencumbered. You were empty handed. You had expert skill with martial arts. Final Attributes: You were piously aligned. You were sleep resistant. You were poison resistant. You saw invisible. You were warned. You had automatic searching. You were more charismatic. You were stealthy. You had a small defense bonus (+1). You were protected. You were fast. You had reflection. You were lucky. You are dead. Miscellaneous: You never encountered a bones level. Total elapsed playing time was 2 hours, 28 minutes and 8 seconds. Major events: Turn 1: UmberConductor the lawful male human Monk entered the dungeon 738: attained the rank of Novice (level 3) 1673: entered the Gnomish Mines 2554: attained the rank of Initiate (level 6) 6904: entered Sokoban 7222: completed 1st Sokoban level 7847: completed 2nd Sokoban level 8218: completed 3rd Sokoban level 9338: completed 4th Sokoban level 9642: acquired the Sokoban amulet of reflection 9735: killed by a pyrolisk Vanquished creatures: 2 giant mimics a long worm 2 stalkers an earth elemental 6 small mimics 4 xans a large cat a gargoyle a leocrotta a cobra a quivering blob 2 cockatrices a wolf 2 lynxes a leprechaun a mountain nymph 2 giant spiders a horse a black light an orc mummy a brown pudding 4 Green-elves 2 rust monsters a yeti a werewolf 2 chickatrices a dust vortex 2 ravens a gnome mummy 3 snakes an ape 2 soldier ants 4 fire ants 2 wood nymphs 3 rock piercers 2 rock moles 2 yellow lights 2 shriekers a violet fungus 4 gnome leaders 2 gnomish wizards a gray ooze 2 elf zombies a paper golem 4 giant ants a little dog 4 floating eyes a dwarf a kobold leader 4 hill orcs a rothe a rabid rat 4 giant bats a dwarf zombie a werejackal 8 iguanas 2 killer bees an acid blob a gas spore a hobbit 2 manes a large kobold 3 hobgoblins 6 giant rats 2 cave spiders 2 yellow molds 2 green molds 2 red molds 31 gnomes 4 geckos 4 jackals 3 foxes a kobold 3 goblins 12 grid bugs 9 lichens 9 newts 212 creatures vanquished. No species were genocided or became extinct. Voluntary challenges: You followed a strict vegan diet. You never hit with a wielded weapon. You read items or engraved 14 times. You never genocided any monsters. You never polymorphed an object. You never changed form. You never touched an artifact. You used no wishes. You never scared an enemy with impunity. You were celibate. You never generated conflict. You did not violate any of the special Sokoban rules. Achievements: You entered a shop. You attained the rank of Novice. You entered the Gnomish Mines. You attained the rank of Initiate. You entered a temple. You entered Sokoban. You completed Sokoban. Dungeon overview: The Dungeons of Doom: levels 1 to 9 Level 1: A fountain. Level 2: An armor shop, an altar to Shan Lai Ching, a fountain. Level 3: Stairs down to The Gnomish Mines. Level 4: A general store. Level 5: Level 6: A fountain. Level 7: Some fountains, a tree. Level 8: Many fountains. Oracle of Delphi. Level 9: A general store. Stairs up to Sokoban, level 8. The Gnomish Mines: levels 4 to 7 Level 4: Level 5: Level 6: Level 7: Many shops, a temple, some fountains. Sokoban: levels 8 up to 5 Level 5: <- You were here. Solved. Final resting place for you, killed by a pyrolisk. Level 6: Solved. Level 7: Solved. Level 8: Solved. Game over: __________ / \ / REST \ / IN \ / PEACE \ / \ | UmberConductor | | 4153 Au | | killed by a | | pyrolisk | | | | | | 2024 | *| * * * | * _________)/\\_//(\/(/\)/\//\/|_)_______ Punardarsanaya UmberConductor the Monk... You died in Sokoban on dungeon level 5 with 23128 points, and 4153 pieces of gold, after 9735 moves. You were level 9 with a maximum of 75 hit points when you died.